 Dungeon Crawl Stone Soup version 0.20.1-1-g8b1a95d (webtiles) character file.

67 equalderp2856 the Covered (level 4, 0/40 HPs)
             Began as a Minotaur Fighter on Aug 27, 2017.
             Slain by a black bear (1 damage)
             ... on level 2 of the Dungeon.
             The game lasted 00:01:31 (1645 turns).

equalderp2856 the Covered (Minotaur Fighter)        Turns: 1645, Time: 00:01:32

Health: 0/40       AC:  7    Str: 20    XL:     4   Next: 0%
Magic:  3/3        EV:  7    Int:  5    God:
Gold:   74         SH:  9    Dex: 11    Spells: 3/3 levels left

rFire    . . .     SeeInvis .   a - +0 war axe
rCold    . . .     Gourm    .   c - +0 shield
rNeg     . . .     Faith    .   b - +0 scale mail
rPois    .         Spirit   .   (helmet restricted)
rElec    .         Reflect  .   (no cloak)
rCorr    .         Harm     .   (no gloves)
MR       .....                  (no boots)
Stlth    ..........             (no amulet)
Regen    0.2/turn               (no ring)
MPRegen  0.1/turn               (no ring)

@: flying, invisible
A: retaliatory headbutt, horns 2
a: no special abilities


You were on level 2 of the Dungeon.
You were not hungry.

You visited 1 branch of the dungeon, and saw 3 of its levels.

You collected 74 gold pieces.

Inventory:

Hand Weapons
 a - a +0 war axe (weapon)
Armour
 b - a +0 scale mail (worn)
 c - a +0 shield (worn)
Scrolls
 e - a scroll of magic mapping {unknown}
 k - a scroll of teleportation {unknown}
 n - a scroll of enchant armour {unknown}
Potions
 d - 2 potions of might
Comestibles
 f - 3 bread rations
 h - 3 fruits
 i - 3 royal jellies
 m - a meat ration


   Skills:
 + Level 4.1 Fighting
 + Level 3.8 Axes
 + Level 4.2 Armour
 + Level 0.7 Dodging
 + Level 0.1 Stealth
 + Level 3.8 Shields


You had 3 spell levels left.
You didn't know any spells.

Dungeon Overview and Level Annotations

Branches:
Dungeon (3/15)

Altars:
Makhleb


Innate Abilities, Weirdness & Mutations

You reflexively headbutt those who attack you in melee.
You have a pair of horns on your head.


Message History

The black bear claws you but does no damage.
The black bear claws you.
* * * LOW HITPOINT WARNING * * *
The adder bites you but does no damage.
It was a potion of flight.
You feel very buoyant.
You fly up into the air.
You feel sick.
You are no longer poisoned.
The black bear bites you but does no damage.
The black bear claws you.
* * * LOW HITPOINT WARNING * * *
The black bear claws you but does no damage.
The adder bites you but does no damage.
It was a potion of invisibility.
You fade into invisibility!
You block the adder's attack. You block the black bear's attack.
The black bear claws you.
* * * LOW HITPOINT WARNING * * *
The black bear claws you.
You die...

#.......#........
###.#####.......#
#.......##....#
#########.####.##....#
#.....(......#.#####.#
##########.#.#.# #.#
#......#.#.# #.#
#S####.#.#.# ###'#
#@#..###.#.# #....
#h#......#.# #....
#.##.#.#.#.# #....
#....#.#.#.###....
######.#...).....#
###.###.#...###
#.......#...#
#<#.#####...#
#.#.....#...#


You could see a black bear and an adder.

Vanquished Creatures
  An ooze (D:3)
  A worm (D:2)
  3 dart slugs (D:1)
  2 leopard geckos (D:1)
  A giant cockroach (D:2)
  A goblin (D:1)
  7 hobgoblins
  10 jackals
  2 quokkas
  4 bats
  2 frilled lizards
  9 kobolds
  5 rats
  2 plants (D:1)
50 creatures vanquished.

Vanquished Creatures (others)
  A plant (D:1)
1 creature vanquished.

Grand Total: 51 creatures vanquished

Notes
Turn   | Place    | Note
-------+----------+-------------------------------------------
     0 | D:1      | equalderp2856 the Minotaur Fighter began the quest for the Orb.
     0 | D:1      | Reached XP level 1. HP: 19/19 MP: 0/0
    53 | D:1      | Reached XP level 2. HP: 24/27 MP: 1/1
   302 | D:1      | Reached XP level 3. HP: 28/33 MP: 2/2
   847 | D:2      | Found a burning altar of Makhleb.
  1347 | D:3      | Reached XP level 4. HP: 30/40 MP: 3/3
  1628 | D:3      | Noticed a black bear
  1645 | D:2      | HP: 1/40 [black bear (2)]
  1645 | D:2      | Slain by a black bear

Skill      XL: |  1  2 |
---------------+-------+-----
Axes           | 3 |  3.8
Armour         | 4 |  4.2
Fighting       | 4 |  4.1
Dodging        | |  0.7
Stealth        | |  0.1
Shields        | |  3.8

Action                   |  1- 3 |  4- 6 || total
-------------------------+-------+-------++-------
Melee: War axe           |   104 |     5 ||   109
       Headbutt          |    16 |     1 ||    17
  Use: Potion            |       |     2 ||     2
  Eat: Chunk             |     2 |       ||     2
Armor: Scale mail        |    44 |     9 ||    53
Dodge: Dodged            |    46 |    11 ||    57
Block: Shield            |    43 |    12 ||    55
